 Dungeon Crawl Stone Soup version 0.29.1-12-g30fa7ad0bf (webtiles) character file.

Game seed: 10300919240401085276

5257 croobank the Ogre Mage (level 10, -6/100 HPs)
             Began as an Ogre Artificer on Dec 28, 2022.
             Was a Follower of Vehumet.
             Killed from afar by a gargoyle (19 damage)
             ... with a stone arrow
             ... on level 10 of the Dungeon on Dec 29, 2022.
             The game lasted 00:49:28 (17475 turns).

croobank the Ogre Mage (Ogre Artificer)            Turns: 17475, Time: 00:49:28

Health: -6/100     AC:  7    Str: 20    XL:     10   Next: 62%
Magic:  26/26      EV: 10    Int: 14    God:    Vehumet [*.....]
Gold:   532        SH:  0    Dex:  9    Spells: 29/33 levels left

rFire   . . .      SeeInvis .   m - +2 club (spect)
rCold   . . .      Faith    .   (no shield)
rNeg    . . .      Spirit   .   B - +0 steam dragon scales
rPois   .          Reflect  .   M - +1 hat {Will+}
rElec   .          Harm     .   (no cloak)
rCorr   +          Rampage  .   (gloves unavailable)
Will    ++...                   (boots unavailable)
Stlth   ++........              v - amulet of magic regeneration
HPRegen 0.26/turn               o - ring of resist corrosion
MPRegen 0.60/turn               u - ring of wizardry

@: swift, quick
A: large, unfitting armour, tough skin 1
a: Renounce Religion


You were on level 10 of the Dungeon.
You worshipped Vehumet.
Vehumet was aware of your devotion.
You visited 1 branch of the dungeon, and saw 10 of its levels.

You collected 532 gold pieces.

Inventory:

Hand Weapons
 a - a +1 short sword of venom
 i - a +2 dagger of flaming
 j - a +0 long sword
 k - a +1 vampiric short sword
 m - a +2 spectral club (weapon)
 t - a +3 dagger of chaos
 A - a +1 morningstar of pain
 E - a +0 war axe
 G - a +0 giant spiked club
 I - a +3 dagger
 K - a +4 hand axe
Missiles
 e - 7 boomerangs (quivered)
 l - 4 javelins
 L - a curare-tipped dart
Armour
 B - +0 steam dragon scales (worn)
 M - a +1 hat of willpower (worn)
Jewellery
 o - a ring of resist corrosion (left hand)
 u - a ring of wizardry (right hand)
 v - an amulet of magic regeneration (around neck)
Wands
 d - a wand of charming (9)
 h - a wand of iceblast (7)
 x - a wand of mindburst (17)
 y - a wand of polymorph (12)
 F - a wand of quicksilver (3)
Scrolls
 f - a scroll of magic mapping
 n - 3 scrolls of teleportation
 r - a scroll of fear
 D - a scroll of vulnerability
 H - 3 scrolls of immolation
 J - a scroll of amnesia
Potions
 c - 3 potions of attraction
 p - 3 potions of mutation
 q - 5 potions of brilliance
 s - 2 potions of curing
 w - a potion of degeneration
 z - a potion of resistance
 C - a potion of might


   Skills:
 + Level 6.4 Fighting
 + Level 3.0 Maces & Flails
 + Level 4.7 Dodging
 + Level 3.8 Stealth
 - Level 12.1 Spellcasting
 + Level 2.5 Fire Magic
 + Level 2.6 Air Magic
 - Level 3.7 Evocations


You had 29 spell levels left.
You knew the following spells:

 Your Spells              Type           Power      Damage    Failure   Level
a - Foxfire               Conj/Fire      48%        2x1d6     1%          1
b - Swiftness             Air            15%        N/A       3%          3

Your spell library contained the following spells:

 Spells                   Type           Power      Damage    Failure   Level
 Shock                    Conj/Air       48%        1d6       1%          1
 Freeze                   Ice            32%        1d5       3%          1
 Magic Dart               Conj           32%        1d4       3%          1
 Searing Ray              Conj           16%        2d5       5%          2
 Frozen Ramparts          Ice            16%        1d3       11%         3
 Gell's Gravitas          Tloc           8%         N/A       11%         3
 Teleport Other           Tloc           8%         N/A       11%         3
 Airstrike                Air            7%         2d(2-18)  12%         4
 Fulminant Prism          Conj/Hex       4%         3d6       32%         4
 Hailstorm                Conj/Ice       8%         3d4       32%         4
 Dispersal                Tloc           4%         N/A       99%         6


Dungeon Overview and Level Annotations

Branches:
Dungeon (10/15)            Temple (0/1) D:5
   Lair: D:8-11         Orc: D:9-12

Altars:
Cheibriados
Kikubaaqudgha
Qazlal
Ru
Trog
Vehumet
Yredelemnul
Zin

Shops:
D:6 (

Annotations:
D:3 1 runed translucent door, Crazy Yiuf
D:9 Erica


Innate Abilities, Weirdness & Mutations

You are too large for most types of armour.
You have tough skin. (AC +1)


Message History

Casting: Swiftness (mildly dangerous; 3% risk of failure)
Confirm with . or Enter, or press ? or * to list all spells.
You feel quick. The gargoyle hits you with a +0 flail.
Okay, then.
You barely miss the gargoyle.
Your +2 spectral club barely misses the gargoyle.
The gargoyle hits you with a +0 flail. The gargoyle barely misses you.
You hit the gargoyle.
The gargoyle is lightly damaged.
Your +2 spectral club hits the gargoyle.
The gargoyle hurls a stone arrow at you.
The stone arrow hits you!!
You hit the gargoyle but do no damage.
The gargoyle is moderately damaged.
Your +2 spectral club hits the gargoyle but does no damage.
The gargoyle hurls a stone arrow at you.
The stone arrow hits you!!
You hit the gargoyle but do no damage.
The gargoyle is moderately damaged.
Your +2 spectral club hits the gargoyle but does no damage.
The gargoyle hurls a stone arrow at you.
The stone arrow hits you!!
* * * LOW HITPOINT WARNING * * *
Okay, then.
You can't see any enemies this would affect, really read the scroll of fear?
Okay, then.
Okay, then.
Okay, then.
Casting: Swiftness (mildly dangerous; 3% risk of failure)
Confirm with . or Enter, or press ? or * to list all spells.
Okay, then.
Okay, then.
Throw: throwing net
Press: ? - help, Q - select action, (/) - cycle Shift-Dir - straight line, f - gargoyle
Aim: a gargoyle, wielding a +0 flail (moderately damaged, 73% to hit)
You throw a throwing net.
The throwing net closely misses the gargoyle.
The gargoyle hurls a stone arrow at you.
The stone arrow hits you!!
You die...

#......# #......#
#......# #......#
#(.....# ..ยง...#
#9...# #.@..#
#....# ####.
#....####.....
##+#....(.....
#..........
#..........
#.........#
#######+#.........#
.(........##+#....#


You could see a gargoyle.

Vanquished Creatures
  Gastronok (D:9)
  Maggie (D:6)
  A hornet (D:9)
  Prince Ribbit (D:6)
  3 yaks
  A wyvern (D:10)
  A water moccasin (D:8)
  A sky beast (D:6)
  An ice beast (D:6)
  A black bear (D:6)
  An ogre (D:6)
  A centaur (D:6)
  A phantom (D:6)
  A kobold brigand (D:8)
  6 bullfrogs
  A necrophage (D:6)
  A gnoll sergeant (D:7)
  3 scorpions
  4 wights
  6 killer bees (D:8)
  4 howler monkeys
  A jelly (D:5)
  3 hounds
  3 orc priests
  Jessica (D:3)
  4 iguanas
  3 orc wizards
  Natasha (twice) (D:4)
  3 adders
  12 gnolls
  2 shadow imps
  A white imp (D:6)
  An ufetubus (D:2)
  6 worms
  5 dart slugs
  23 orcs
  8 endoplasms
  12 giant cockroaches
  4 goblins
  7 hobgoblins
  4 jackals (D:1)
  5 quokkas
  6 ball pythons
  4 bats
  3 frilled lizards
  8 kobolds
  7 rats
179 creatures vanquished.

Vanquished Creatures (collateral kills)
  A gnoll (D:4)
1 creature vanquished.

Vanquished Creatures (others)
  Psyche (D:9)
  An adder (D:2)
  32 foxfires (D:9)
  9 fungi (D:9)
  6 plants (D:9)
49 creatures vanquished.

Grand Total: 229 creatures vanquished

Notes
Turn   | Place    | Note
-------+----------+-------------------------------------------
     0 | D:1      | croobank the Ogre Artificer began the quest for the Orb.
     0 | D:1      | Reached XP level 1. HP: 19/19 MP: 1/1
   362 | D:1      | Reached skill level 1 in Stealth
   362 | D:1      | Reached XP level 2. HP: 8/28 MP: 2/2
   629 | D:1      | Found a faded altar of an unknown god.
   955 | D:1      | Reached XP level 3. HP: 32/35 MP: 3/3
  2211 | D:2      | Reached XP level 4. HP: 14/44 MP: 4/4
  4025 | D:3      | Reached XP level 5. HP: 53/53 MP: 5/5
  4038 | D:3      | Found a runed translucent door.
  4039 | D:3      | Noticed Crazy Yiuf
  4105 | D:3      | Found a glowing silver altar of Zin.
  4106 | D:3      | Found a bloodstained altar of Trog.
  4691 | D:3      | Noticed Jessica
  4703 | D:3      | Found a basalt altar of Yredelemnul.
  4711 | D:3      | Killed Jessica
  5596 | D:4      | Reached XP level 6. HP: 56/62 MP: 6/6
  6058 | D:4      | Noticed Natasha
  6064 | D:4      | Killed Natasha
  6067 | D:4      | Found a sacrificial altar of Ru.
  6267 | D:4      | Noticed Natasha
  6289 | D:4      | Killed Natasha
  7250 | D:5      | Entered Level 5 of the Dungeon
  7251 | D:5      | Found a staircase to the Ecumenical Temple.
  7625 | D:5      | Found a snail-covered altar of Cheibriados.
  7628 | D:5      | Found a radiant altar of Vehumet.
  7924 | D:5      | Reached skill level 1 in Maces & Flails
  7924 | D:5      | Reached XP level 7. HP: 51/71 MP: 7/7
  8223 | D:5      | Became a worshipper of Vehumet
  8572 | D:6      | Reached skill level 2 in Spellcasting
  8774 | D:6      | Reached skill level 3 in Spellcasting
  8961 | D:6      | Noticed Maggie
  8973 | D:6      | Killed Maggie
  8974 | D:6      | Reached skill level 6 in Spellcasting
  8974 | D:6      | Reached XP level 8. HP: 53/79 MP: 12/17
  9215 | D:6      | Found Nynaoc's Weapon Shop.
  9292 | D:6      | Reached skill level 7 in Spellcasting
  9666 | D:6      | Reached skill level 8 in Spellcasting
  9807 | D:6      | HP: 3/79 [ice beast (12)]
 10211 | D:6      | Reached skill level 9 in Spellcasting
 10302 | D:6      | Reached XP level 9. HP: 82/87 MP: 22/22
 10720 | D:7      | Noticed Prince Ribbit
 10918 | D:6      | Killed Prince Ribbit
 10919 | D:6      | Reached skill level 10 in Spellcasting
 11968 | D:8      | Found an ancient bone altar of Kikubaaqudgha.
 12285 | D:8      | Reached skill level 11 in Spellcasting
 13342 | D:8      | Reached * piety under Vehumet
 13342 | D:8      | Offered knowledge of Foxfire by Vehumet.
 13346 | D:8      | Learned a level 1 spell: Foxfire
 13692 | D:9      | Reached skill level 12 in Spellcasting
 14045 | D:9      | Noticed Gastronok
 14252 | D:8      | Learned a level 3 spell: Swiftness
 14401 | D:8      | Reached skill level 5 in Fighting
 14725 | D:8      | Reached XP level 10. HP: 57/93 MP: 26/26
 14899 | D:8      | Reached skill level 1 in Air Magic
 15165 | D:9      | Killed Gastronok
 15166 | D:9      | Reached skill level 1 in Fire Magic
 15433 | D:9      | Found a stormy altar of Qazlal.
 15470 | D:9      | Paralysed by a hornet for 3 turns
 15479 | D:9      | HP: 4/98 [bullfrog (6)]
 16263 | D:9      | Noticed Psyche
 16286 | D:9      | Killed Psyche
 16575 | D:9      | Noticed a green ugly thing
 16575 | D:9      | Noticed a fire dragon
 16577 | D:9      | Noticed a deep elf pyromancer
 16581 | D:9      | Noticed a two-headed ogre
 16584 | D:9      | Noticed an eight-headed hydra
 16693 | D:9      | Noticed Erica
 17436 | D:10     | Entered Level 10 of the Dungeon
 17465 | D:10     | Noticed a gargoyle
 17475 | D:10     | Killed from afar by a gargoyle

Illustrated notes

Levels and vault maps discovered:
D:1:      dpeg_arrival_shelter, layout_basic,
          chequers_ecumenical_altar_simple_redux, minmay_hedge_maze
D:2:      layout_loops_ring, chequers_serial_rivers_micro_b, minmay_puff
D:3:      minmay_roachtagon, layout_loops_corners, general_overflow_altar,
          grunt_temple_overflow_open, uniq_crazy_yiuf_cottage, uniq_jessica
D:4:      layout_basic, lemuel_doored_altar, uniq_natasha
D:5:      layout_cave_pods, mainiacjoe_overflow_cross_hatched,
          kennysheep_slug_shrine, minmay_temple_entry_trees
D:6:      layout_loops_cross, serial_shops, shop, dk_noncrumbling_3,
          grunt_decor_arrowhead, uniq_maggie
D:7:      layout_loops_ring, chequers_serial_rivers_micro_d, uniq_prince_ribbit1
D:8:      layout_loops_ring, mainiacjoe_overflow_paths, lemuel_flame_loot_1
D:9:      layout_basic, nicolae_qazlal_scattered_showers,
          grunt_lair_entry_orc_guard_hut, onia_ninara_dug_in_and_dangerous,
          uniq_gastronok, uniq_psyche, uniq_erica, uniq_joseph
D:10:     layout_gridville

Skill      XL: |  1  2  3  4  5  6  7  8  9 10 |
---------------+-------------------------------+-----
Stealth        | 1 2 3 |  3.8
Fighting       | 2 3 4 5 6 |  6.4
Evocations     | 3 |  3.7
Dodging        | 3 4 |  4.7
Maces & Flails | 1 3 |  3.0
Spellcasting   | 6 9 12 | 12.1
Air Magic      | 2 |  2.6
Fire Magic     | 2 |  2.5

Action                   |  1- 3 |  4- 6 |  7- 9 | 10-12 || total
-------------------------+-------+-------+-------+-------++-------
Melee: Club              |    25 |    79 |   242 |    66 ||   412
       Dagger            |    32 |    46 |       |       ||    78
       Short sword       |   152 |   232 |       |       ||   384
       Punch             |     3 |     6 |     4 |       ||    13
       Giant spiked club |       |       |    13 |       ||    13
Throw: Boomerang         |       |     5 |     3 |     1 ||     9
       Throwing net      |       |       |       |     1 ||     1
 Cast: Foxfire           |       |       |       |    25 ||    25
       Swiftness         |       |       |       |     5 ||     5
Evoke: Wand              |     6 |    18 |     3 |     9 ||    36
  Use: Scroll            |       |    17 |     5 |     4 ||    26
       Potion            |       |     4 |     2 |     7 ||    13
 Stab: Sleeping          |     6 |     6 |     3 |       ||    15
       Distracted        |       |       |     1 |       ||     1
Armor: Robe              |    38 |   165 |    10 |       ||   213
       Steam dragon scal |       |       |    71 |    25 ||    96
Dodge: Dodged            |    79 |   204 |   153 |    33 ||   469
